 Dungeon Crawl Stone Soup version 0.13.0-26-gf7ffa3a (webtiles) character file.

172 Lilouch the Firebug (level 3, -1/19 HPs)
             Began as a Deep Elf Fire Elementalist on Nov 1, 2013.
             Slain by a wight
             ... wielding a +1,+2 hand axe
              (10 damage)
             ... on Level 2 of the Dungeon.
             The game lasted 00:11:38 (2098 turns).

Lilouch the Firebug (Deep Elf Fire Elementalist)    Turns: 2098, Time: 00:11:38

HP  -1/19        AC  2     Str  5      XL: 3   Next: 55%
MP   0/9         EV 13     Int 20      God:
Gold 122         SH  0     Dex 15      Spells:  2 memorised,  3 levels left

Res.Fire  : . . .   See Invis. : .   e - +2,+0 dagger (speed)
Res.Cold  : . . .   Warding    : .   a - +0 elf robe
Life Prot.: . . .   Conserve   : .   (no shield)
Res.Poison: .       Res.Corr.  : .   (no helmet)
Res.Elec. : .       Clarity    : .   (no cloak)
Sust.Abil.: . .     Spirit.Shd : .   (no gloves)
Res.Mut.  : .       Stasis     : .   (no boots)
Res.Rott. : .       Flight     : .   (no amulet)
Saprovore : . . .                    (no ring)
                                     (no ring)

@: slightly resistant to hostile enchantments, fairly stealthy
A: no striking features
a: no special abilities


You were on level 2 of the Dungeon.
You were very hungry.

You visited 1 branch of the dungeon, and saw 3 of its levels.

You collected 102 gold pieces.

Inventory:

Hand weapons
 e - a +2,+0 dagger of speed (weapon)
Armour
 a - a +0 elven robe (worn)
 j - a +0 ring mail
 z - a +0 leather armour
Comestibles
 c - 2 bread rations
 f - an apple
 q - 2 rotting chunks of hobgoblin flesh
 s - 2 meat rations
Scrolls
 g - 2 scrolls of blinking {unknown}
 i - 2 scrolls of enchant weapon I {unknown}
 k - 3 scrolls of teleportation {unknown}
 l - 2 scrolls of curse armour {unknown}
 n - 2 scrolls of fog {unknown}
 r - a scroll of enchant armour {unknown}
 u - 4 scrolls of identify {unknown}
 w - a scroll of recharging {unknown}
 x - a scroll of curse weapon {unknown}
 y - a scroll of noise {unknown}
Jewellery
 v - a cursed ring of teleportation {unknown}
Potions
 d - 2 potions of agility {unknown}
 h - a potion of blood
 m - a potion of cure mutation {unknown}
 o - 2 potions of slowing {unknown}
 p - a potion of might {unknown}
 t - a potion of coagulated blood
Books
 b - a book of Flames

   Spells                             Type                      Level
   *Flame Tongue                      Conjuration/Fire             1
   *Throw Flame                       Conjuration/Fire             2
   Conjure Flame                      Conjuration/Fire             3
   Inner Flame                        Hexes/Fire                   3
   Sticky Flame                       Conjuration/Fire             4
   Fireball                           Conjuration/Fire             5


   Skills:
 - Level 2.4 Dodging
 - Level 2.4 Stealth
 + Level 2.3 Spellcasting
 + Level 2.1 Conjurations
 * Level 4.3 Fire Magic


You had 3 spell levels left.
You knew the following spells:

 Your Spells              Type           Power        Failure   Level  Hunger
a - Flame Tongue          Conj/Fire      ###..        4%          1    #......
b - Throw Flame           Conj/Fire      ###...       10%         2    ##.....


Dungeon Overview and Level Annotations

Branches:
Dungeon (3/27)

Altars:


Message History

Aim: a wight, wielding a hand axe and wearing a robe (moderately damaged)
The flame misses the wight.
Casting: Flame Tongue
Confirm with . or Enter, or press ? or * to list all spells.
You don't have enough magic to cast that spell.
o - 2 bubbling pink potions (gained 1)
The wight hits you with a hand axe. The wight misses you.
There is a stone staircase leading up here.
The wight hits you but does no damage.
You climb upwards.
There is a stone staircase leading down here.
Casting: Flame Tongue
Confirm with . or Enter, or press ? or * to list all spells.
Aiming: Flame Tongue
Press: ? - help, Shift-Dir - straight line, f - wight
Aim: a wight, wielding a hand axe and wearing a robe (moderately damaged)
The flame misses the wight.
The wight hits you with a hand axe!
Ouch! That really hurt!
You die...

.# #.# #.# #..# # .#
#.## #.# #..# # ## #..#
#(############..# ###
##.# ##...........%.>.#
#.. #.#
#.....#########.## #.#
#.# #.###.#########.#
#.# #.# #.#
#...........# #.# #.#
#.###.########### #.#
#.# #..)z@# #.#
#####.########.### #.#
...............# #####.#
#########.###### #......
#.######### #>##.##
#.........#########.##.#
#########........##.##.#
########.##.##.##
#.......#.


You could see a wight.

Vanquished Creatures
  4 giant geckos
  An ooze (D:2)
  6 goblins
  8 hobgoblins
  9 kobolds
  3 bats
  2 giant cockroaches (D:2)
  4 giant newts
  8 rats
45 creatures vanquished.

Notes
Turn   | Place    | Note
--------------------------------------------------------------
     0 | D:1      | Lilouch, the Deep Elf Fire Elementalist, began the quest for the Orb.
     0 | D:1      | Reached XP level 1. HP: 10/10 MP: 4/4
   206 | D:1      | Reached XP level 2. HP: 15/15 MP: 3/6
   867 | D:1      | Reached skill level 4 in Fire Magic
  1036 | D:2      | Learned a level 2 spell: Throw Flame
  1037 | D:2      | Reached XP level 3. HP: 16/19 MP: 5/9
  2098 | D:2      | Slain by a wight

Action                   || total
-------------------------++-------
Melee: Dagger            ||    52
 Cast: Flame Tongue      ||    53
       Throw Flame       ||    13
 Stab: Distracted        ||     1
